 Dungeon Crawl Stone Soup version 0.23-a0-837-ga3e6480 (webtiles) character file.

1895 Lanoc the Shield-Bearer (level 9, 0/73 HPs)
             Began as a Gnoll Fighter on Jan 24, 2019.
             Was a Believer of Makhleb.
             Slain by an orc warrior
             ... wielding a +0 glaive of freezing
              (4 damage)
             ... on level 6 of the Dungeon.
             The game lasted 00:17:02 (6119 turns).

Lanoc the Shield-Bearer (Gnoll Fighter)             Turns: 6119, Time: 00:17:02

Health: 0/73       AC:  7    Str: 20    XL:     9   Next: 15%
Magic:  14/14      EV:  9    Int: 12    God:    Makhleb [**....]
Gold:   351        SH: 10    Dex: 15    Spells: 15/15 levels left

rFire    . . .     SeeInvis .   l - +5 trident (curse)
rCold    . . .     Gourm    .   c - +0 shield
rNeg     . . .     Faith    .   b - +0 scale mail
rPois    .         Spirit   .   (no helmet)
rElec    .         Reflect  .   (no cloak)
rCorr    .         Harm     .   (no gloves)
MR       .....                  (no boots)
Stlth    +.........             w - amulet of rage
HPRegen  0.22/turn              (no ring)
MPRegen  0.14/turn              (no ring)

@: heavily drained
A: distributed training, fangs 1, strong nose
a: Minor Destruction, Renounce Religion, Evoke Berserk Rage


You were on level 6 of the Dungeon.
You worshipped Makhleb.
Makhleb was pleased with you.
You were not hungry.

You visited 2 branches of the dungeon, and saw 7 of its levels.

You collected 351 gold pieces.

Inventory:

Hand Weapons
 l - a cursed +5 trident (weapon)
Missiles
 n - 44 bolts
Armour
 b - a +0 scale mail (worn)
 c - a +0 shield (worn)
Jewellery
 w - an amulet of rage (around neck)
Scrolls
 a - 4 scrolls of teleportation {unknown}
 e - 4 scrolls of remove curse
 g - 2 scrolls of fear {unknown}
 i - 3 scrolls of enchant weapon
 m - 5 scrolls of amnesia
 t - a scroll of enchant armour
Potions
 j - a potion of brilliance
 k - a potion of mutation
 p - 2 potions of curing
 r - 2 potions of magic
 u - a potion of lignification
Comestibles
 f - 9 rations


   Skills:
 + Level 7.7(5.6) Fighting
 + Level 3.9(2.0) Short Blades
 + Level 6.1(4.1) Long Blades
 + Level 3.9(2.0) Axes
 + Level 3.9(2.0) Maces & Flails
 + Level 3.9(2.0) Polearms
 + Level 3.9(2.0) Staves
 + Level 3.9(2.0) Slings
 + Level 3.9(2.0) Bows
 + Level 3.9(2.0) Crossbows
 + Level 3.9(2.0) Throwing
 + Level 7.7(5.6) Armour
 + Level 3.9(2.0) Dodging
 + Level 3.9(2.0) Stealth
 + Level 7.7(5.6) Shields
 + Level 3.9(2.0) Unarmed Combat
 + Level 3.9(2.0) Spellcasting
 + Level 3.2(1.3) Conjurations
 + Level 3.2(1.3) Hexes
 + Level 3.2(1.3) Charms
 + Level 3.2(1.3) Summonings
 + Level 3.2(1.3) Necromancy
 + Level 3.2(1.3) Translocations
 + Level 3.2(1.3) Transmutations
 + Level 3.2(1.3) Fire Magic
 + Level 3.2(1.3) Ice Magic
 + Level 3.2(1.3) Air Magic
 + Level 3.2(1.3) Earth Magic
 + Level 3.2(1.3) Poison Magic
 + Level 4.3(2.4) Invocations
 + Level 3.9(2.0) Evocations


You had 15 spell levels left.
You didn't know any spells.
Your spell library contained the following spells:

 Spells                   Type           Power        Failure   Level  Hunger
 Magic Dart               Conj           #...         80%         1    ##.....
 Blink                    Tloc           N/A          91%         2    ###....
 Call Imp                 Summ           #.......     91%         2    ###....
 Slow                     Hex            #.......     91%         2    ###....
 Conjure Flame            Conj/Fire      #.......     99%         3    ####...
 Mephitic Cloud           Conj/Pois/Air  #.......     99%         3    ####...


Dungeon Overview and Level Annotations

Branches:
Dungeon (6/15)             Temple (1/1) D:4

Altars:
Ashenzari
Dithmenos
Elyvilon
Fedhas
Gozag
Hepliaklqana
Kikubaaqudgha
Makhleb
Nemelex Xobeh
Okawaru
Qazlal
Ru
Sif Muna
Uskayaw
Vehumet
Xom
Yredelemnul
Zin
The Shining One


Innate Abilities, Weirdness & Mutations

Your experience applies equally to all skills.
You have very sharp teeth.
Your uncanny sense of smell can sniff out nearby items.


Message History

No target in view!
No target in view!
You start resting.
You feel sick. x11
You are no longer poisoned.
You start resting.
The orc warrior is too close now for your liking.
The orc warrior shouts!
The orc warrior hits you from afar with a +0 glaive of freezing!
The orc warrior freezes you.
Attack whom?
Press: ? - help, Dir - move target cursor, f - orc warrior
Aim: an orc warrior, wielding a +0 glaive of freezing and wearing a +0 plate armour You reach to attack!
You barely miss the orc warrior.
The orc warrior hits you from afar with a +0 glaive of freezing!!
The orc warrior freezes you!
* * * LOW HITPOINT WARNING * * *
The orc warrior hits you from afar with a +0 glaive of freezing!
* * * LOW HITPOINT WARNING * * *
The orc warrior freezes you.
You die...

####+##+# ### .#...o...
..#.# .#..o.... #.#.#
.#......o #.#.#
......... #.#.#
#........ #.#.#
#........ #.#.#
#.##'##.#########.#.#
#..#.# ........@...#
##.#.#############o##
....).........# #.#
...#.#........# #.#
.....#........# #.#
###.<#........####.#
#..#.............#
#..#########...........
#..# #.##########


You could see an orc warrior.

Vanquished Creatures
  Pikel (D:4)
  A wraith (D:6)
  Eustachio (D:4)
  A slave (D:4)
  A necrophage (D:6)
  An ogre (D:5)
  A bullfrog (D:6)
  3 wights (D:6)
  4 crimson imps
  2 hounds
  A centaur zombie (D:5)
  3 orc priests
  A jelly (D:5)
  An iguana (D:4)
  3 orc wizards
  2 worker ants
  2 worker ant zombies
  Robin (D:4)
  4 adders
  3 shadow imps (D:5)
  2 oozes (D:3)
  An adder skeleton (D:4)
  A worm (D:2)
  4 dart slugs
  3 leopard geckos
  17 orcs
  2 ball pythons
  5 giant cockroaches
  20 goblins
  8 hobgoblins
  14 jackals
  7 quokkas
  9 bats
  3 frilled lizards
  13 kobolds
  9 rats
155 creatures vanquished.

Vanquished Creatures (others)
  A wight (D:6)
  An adder (D:5)
2 creatures vanquished.

Grand Total: 157 creatures vanquished

Notes
Turn   | Place    | Note
-------+----------+-------------------------------------------
     0 | D:1      | Lanoc the Gnoll Fighter began the quest for the Orb.
     0 | D:1      | Reached XP level 1. HP: 23/23 MP: 1/1
    93 | D:1      | Reached XP level 2. HP: 29/29 MP: 2/2
   239 | D:1      | Reached XP level 3. HP: 32/35 MP: 3/3
   597 | D:1      | Reached skill level 1 in Invocations
   768 | D:2      | Reached skill level 1 in Short Blades
   768 | D:2      | Reached skill level 1 in Axes
   768 | D:2      | Reached skill level 1 in Maces & Flails
   768 | D:2      | Reached skill level 1 in Polearms
   768 | D:2      | Reached skill level 1 in Staves
   768 | D:2      | Reached skill level 1 in Slings
   768 | D:2      | Reached skill level 1 in Bows
   768 | D:2      | Reached skill level 1 in Crossbows
   768 | D:2      | Reached skill level 1 in Throwing
   768 | D:2      | Reached skill level 1 in Dodging
   768 | D:2      | Reached skill level 1 in Stealth
   768 | D:2      | Reached skill level 1 in Unarmed Combat
   768 | D:2      | Reached skill level 1 in Spellcasting
   768 | D:2      | Reached skill level 1 in Evocations
   837 | D:2      | Reached XP level 4. HP: 39/41 MP: 5/5
  1036 | D:2      | Found a sparkling altar of Nemelex Xobeh.
  1036 | D:2      | Found a transporter.
  1225 | D:2      | Reached skill level 1 in Conjurations
  1225 | D:2      | Reached skill level 1 in Hexes
  1225 | D:2      | Reached skill level 1 in Charms
  1225 | D:2      | Reached skill level 1 in Summonings
  1225 | D:2      | Reached skill level 1 in Necromancy
  1225 | D:2      | Reached skill level 1 in Translocations
  1225 | D:2      | Reached skill level 1 in Transmutations
  1225 | D:2      | Reached skill level 1 in Fire Magic
  1225 | D:2      | Reached skill level 1 in Ice Magic
  1225 | D:2      | Reached skill level 1 in Air Magic
  1225 | D:2      | Reached skill level 1 in Earth Magic
  1225 | D:2      | Reached skill level 1 in Poison Magic
  1225 | D:2      | Reached XP level 5. HP: 41/47 MP: 6/6
  1696 | D:3      | Found a burning altar of Makhleb.
  1697 | D:3      | Found a shimmering altar of Xom.
  1756 | D:3      | Became a worshipper of Makhleb the Destroyer
  2014 | D:3      | Reached XP level 6. HP: 17/53 MP: 8/8
  2533 | D:4      | Noticed Eustachio
  2555 | D:4      | Killed Eustachio
  2555 | D:4      | Reached skill level 5 in Long Blades
  2836 | D:4      | Noticed a slave
  2855 | D:4      | Killed a slave
  2955 | D:4      | Noticed a slave
  2956 | D:4      | Noticed a slave
  2956 | D:4      | Noticed Pikel
  2957 | D:4      | Noticed a slave
  3061 | D:4      | Reached XP level 7. HP: 58/59 MP: 10/10
  3218 | D:4      | Found a glowing golden altar of the Shining One.
  3450 | D:4      | Killed Pikel
  3450 | D:4      | Reached XP level 8. HP: 9/67 MP: 10/12
  3551 | D:4      | Found a staircase to the Ecumenical Temple.
  3559 | Temple   | Entered the Ecumenical Temple
  3812 | D:4      | Noticed Robin
  3837 | D:4      | Reached * piety under Makhleb
  3849 | D:4      | Killed Robin
  3920 | D:5      | Entered Level 5 of the Dungeon
  3930 | D:5      | Found a blossoming altar of Fedhas.
  3971 | D:5      | Found a deep blue altar of Sif Muna.
  5789 | D:6      | Reached XP level 9. HP: 72/72 MP: 14/14
  5794 | D:6      | Reached ** piety under Makhleb
  6119 | D:6      | Slain by an orc warrior

Vault maps used:
D:1:      minmay_arrival_four_houses
D:2:      grunt_nemelex_the_gamble
D:3:      grunt_temple_overflow_champion_of_chaos, minmay_cut_off
D:4:      kennysheep_mini, temple_statues, uniq_pikel, uniq_eustachio,
          uniq_robin
D:5:      grunt_temple_overflow_open, first_ration, lemuel_flamethrower_2
D:6:      gammafunk_temple_overflow_elements, uniq_prince_ribbit1
Temple:   dpeg_chambers_temple

Skill      XL: |  1  2  3  4  5  6  7  8  9 |
---------------+----------------------------+-----
Invocations    | 1 2 3 4 |  4.3
Short Blades   | 1 2 3 |  3.9
Axes           | 1 2 3 |  3.9
Maces & Flails | 1 2 3 |  3.9
Polearms       | 1 2 3 |  3.9
Staves         | 1 2 3 |  3.9
Slings         | 1 2 3 |  3.9
Bows           | 1 2 3 |  3.9
Crossbows      | 1 2 3 |  3.9
Throwing       | 1 2 3 |  3.9
Dodging        | 1 2 3 |  3.9
Stealth        | 1 2 3 |  3.9
Unarmed Combat | 1 2 3 |  3.9
Spellcasting   | 1 2 3 |  3.9
Evocations     | 1 2 3 |  3.9
Conjurations   | 1 2 3 |  3.2
Hexes          | 1 2 3 |  3.2
Charms         | 1 2 3 |  3.2
Summonings     | 1 2 3 |  3.2
Necromancy     | 1 2 3 |  3.2
Translocations | 1 2 3 |  3.2
Transmutations | 1 2 3 |  3.2
Fire Magic     | 1 2 3 |  3.2
Ice Magic      | 1 2 3 |  3.2
Air Magic      | 1 2 3 |  3.2
Earth Magic    | 1 2 3 |  3.2
Poison Magic   | 1 2 3 |  3.2
Long Blades    | 5 6 |  6.1
Fighting       | 7 |  7.7
Armour         | 7 |  7.7
Shields        | 7 |  7.7

Action                   |  1- 3 |  4- 6 |  7- 9 || total
-------------------------+-------+-------+-------++-------
Melee: Long sword        |   105 |   142 |       ||   247
       Bite              |    10 |    37 |    41 ||    88
       Dagger            |       |    99 |    52 ||   151
       Whip              |       |       |   196 ||   196
       Trident           |       |       |    76 ||    76
Evoke: Wand              |       |       |    18 ||    18
  Use: Potion            |       |     1 |    11 ||    12
       Scroll            |       |     5 |     9 ||    14
 Stab: Confused          |       |     2 |       ||     2
       Invisible         |       |       |     2 ||     2
  Eat: Chunk             |       |     8 |     6 ||    14
       Ration            |       |       |     1 ||     1
Armor: Scale mail        |    55 |    69 |   131 ||   255
Dodge: Dodged            |    51 |    70 |   115 ||   236
Block: Shield            |    85 |   127 |   168 ||   380
       Rpst.: Long sword |    13 |    13 |       ||    26

Table legend:
 A = Non-vault XP
 B = Vault XP
 C = Vault XP percentage of total XP
 D = Non-vault monster count
 E = Vault monster count
 F = Vault count percentage of total count
                 A         B        C        D         E       F
            +---------+---------+-------+---------+---------+-------
      Total |    1709 |     999 |  36.9 |     134 |      21 |  13.5
            +---------+---------+-------+---------+---------+-------
        D:1 |      62 |       0 |   0.0 |      36 |       0 |   0.0
        D:2 |     118 |       0 |   0.0 |      28 |       0 |   0.0
        D:3 |      81 |      80 |  49.7 |      22 |       6 |  21.4
        D:4 |     106 |     919 |  89.7 |       9 |      15 |  62.5
        D:5 |     435 |       0 |   0.0 |      18 |       0 |   0.0
        D:6 |     907 |       0 |   0.0 |      21 |       0 |   0.0
            +---------+---------+-------+---------+---------+-------
